 Dungeon Crawl Stone Soup version 0.29-a0-542-g075992c915 (webtiles) character file.

Game seed: 9855672323506552591

3251 vineage the Fighter (level 9, -19/73 HPs)
             Began as a Gargoyle Fighter on June 3, 2022.
             Demolished by a boulder beetle (41 damage)
             ... on level 7 of the Dungeon.
             The game lasted 00:08:55 (7697 turns).

vineage the Fighter (Gargoyle Fighter)              Turns: 7697, Time: 00:08:56

Health: -19/73     AC: 26    Str: 28    XL:     9   Next: 99%
Magic:  8/8        EV:  7    Int:  9    God:
Gold:   314        SH: 10    Dex: 11    Spells: 8/8 levels left

rFire   + . .      SeeInvis .   A - +2 whip (freeze)
rCold   + . .      Faith    .   c - +1 buckler
rNeg    + . .      Spirit   .   w - +2 plate armour {rC+}
rPois   ∞          Reflect  +   (no helmet)
rElec   +          Harm     .   u - +2 cloak
rCorr   .          Rampage  .   (no gloves)
Will    .....                   (no boots)
Stlth   ..........              r - amulet of reflection
HPRegen 0.22/turn               m - +6 ring of strength
MPRegen 0.11/turn               (no ring)

@: flying
A: sickness immunity, AC +6, negative energy resistance 1, electricity
resistance, torment resistance 1, petrification resistance, fire resistance 1,
low MP 1, robust 1
a: no special abilities


You were on level 7 of the Dungeon.
You visited 1 branch of the dungeon, and saw 7 of its levels.

You collected 314 gold pieces.

Inventory:

Hand Weapons
 a - a +0 flail
 A - a +2 whip of freezing (weapon)
Missiles
 h - a throwing net (quivered)
Armour
 c - a +1 buckler (worn)
 k - a +3 ring mail
 u - a +2 cloak (worn)
 w - a +2 plate armour of cold resistance (worn)
Jewellery
 m - a +6 ring of strength (left hand)
 r - an amulet of reflection (around neck)
Wands
 g - a wand of digging (5)
 s - a wand of paralysis (9)
 y - a wand of iceblast (12)
Scrolls
 b - a scroll of magic mapping
 n - 3 scrolls of teleportation
 p - a scroll of amnesia
 t - 3 scrolls of fear
 x - 2 scrolls of fog
Potions
 d - 2 potions of heal wounds
 e - a potion of resistance
 f - a potion of curing
 i - 5 potions of brilliance
 j - a potion of mutation
 l - a potion of magic
 q - a potion of degeneration {unknown}
 v - a potion of berserk rage {unknown}
 z - 2 potions of attraction
 B - a potion of cancellation {unknown}


   Skills:
 * Level 12.6 Fighting
 - Level 2.0 Maces & Flails
 + Level 9.3 Armour
 - Level 3.3 Shields


You had 8 spell levels left.
You didn't know any spells.
Your spell library contained the following spells:

 Spells                   Type           Power      Damage    Failure   Level
 Freeze                   Ice            0%         1d3       99%         1
 Scorch                   Fire           0%         2d5       100%        2
 Frozen Ramparts          Ice            0%         1d2       100%        3
 Flame Wave               Conj/Fire      0%         2d4       100%        4
 Hailstorm                Conj/Ice       0%         3d3       100%        4
 Summon Cactus Giant      Summ           0%         N/A       100%        6


Dungeon Overview and Level Annotations

Branches:
Dungeon (7/15)
 Temple: D:4-7

Altars:
Fedhas
Gozag
Kikubaaqudgha
Sif Muna
Trog
Zin

Shops:
D:1 *   D:3 (

Annotations:
D:7 4 runed translucent doors


Innate Abilities, Weirdness & Mutations

You are immune to sickness and miasma.
Your stone body is resilient. (AC +6)
You are immune to poison.
You resist negative energy. (rN+)
You are resistant to electric shocks. (rElec)
You are resistant to unholy torment.
You are immune to petrification.
Your flesh is heat resistant. (rF+)
Your magical capacity is low. (-10% MP)
You are robust. (+10% HP)


Message History

The boulder beetle bites you!
You hit the boulder beetle but do no damage.
The boulder beetle is moderately wounded.
The boulder beetle bites you!!
You are too injured to fight recklessly!
You are too injured to fight recklessly!
You are too injured to fight recklessly!
You are too injured to fight recklessly!
You are too injured to fight recklessly!
You are too injured to fight recklessly!
You are too injured to fight recklessly!
You are too injured to fight recklessly!
You are too injured to fight recklessly!
You are too injured to fight recklessly!
You are too injured to fight recklessly!
You are too injured to fight recklessly!
You are too injured to fight recklessly!
You are too injured to fight recklessly!
You hit the boulder beetle. You freeze the boulder beetle.
The boulder beetle is moderately wounded.
The boulder beetle bites you but does no damage.
You hit the boulder beetle. You freeze the boulder beetle.
The boulder beetle is moderately wounded.
The boulder beetle leaps!
The boulder beetle bites you but does no damage.
You hit the boulder beetle. You freeze the boulder beetle.
The boulder beetle is heavily wounded.
The boulder beetle bites you!
* * * LOW HITPOINT WARNING * * *
The boulder beetle leaps!
The boulder beetle barely misses you.
You hit the boulder beetle but do no damage.
The boulder beetle is heavily wounded.
The boulder beetle leaps!
The boulder beetle curls into a ball and begins rolling!
You hit the boulder beetle. You freeze the boulder beetle.
The boulder beetle is heavily wounded.
The boulder beetle hits you!!!
Ouch! That really hurt!
You die...

.....# ####.# #### ...
#.######## # #........#
# #.#.#.##.### #
#.#........## #
#####...######..# #
#......##°B@.##.# #
##.###..#.####.#.#
####........#).#)#.#.#
##...##++##.'†#.##.#.#
##..##8.C8#######..#.##
##..#8....8# ..)##..#
##..#?....}# #####...#
....#[....(# #...#
###.#8..C.8# ##..#


You could see a boulder beetle (rolling).

Vanquished Creatures
  Pikel (D:5)
  Prince Ribbit (D:7)
  Sigmund (D:5)
  Eustachio (D:5)
  A water moccasin (D:6)
  2 sky beasts
  An ice beast (D:7)
  An ogre (D:6)
  4 centaurs
  4 bullfrogs (D:7)
  4 scorpions
  A wight (D:7)
  2 howler monkeys
  6 hounds
  Crazy Yiuf (D:5)
  6 orc priests
  3 orc wizards
  5 iguanas
  6 gnolls
  5 adders
  A river rat (D:6)
  5 white imps
  A worm (D:2)
  21 orcs
  7 ball pythons
  4 endoplasms
  6 giant cockroaches
  5 goblins
  9 hobgoblins
  11 jackals
  A quokka (D:1)
  3 bats
  3 frilled lizards
  8 kobolds
  8 rats
149 creatures vanquished.

Vanquished Creatures (others)
  5 toadstools (D:1)
5 creatures vanquished.

Grand Total: 154 creatures vanquished

Notes
Turn   | Place    | Note
-------+----------+-------------------------------------------
     0 | D:1      | vineage the Gargoyle Fighter began the quest for the Orb.
     0 | D:1      | Reached XP level 1. HP: 14/14 MP: 1/1
   237 | D:1      | Reached XP level 2. HP: 19/19 MP: 2/2
   338 | D:1      | Found Ebuut's General Store.
   798 | D:1      | Reached skill level 4 in Fighting
   961 | D:2      | Reached XP level 3. HP: 16/24 MP: 3/3
  1839 | D:3      | Found a faded altar of an unknown god.
  1840 | D:3      | Found Rodghabi's Antique Weapon Emporium.
  1920 | D:3      | Reached XP level 4. HP: 30/30 MP: 4/4
  2128 | D:3      | Reached skill level 5 in Fighting
  2613 | D:4      | Noticed a centaur
  2644 | D:4      | Killed a centaur
  2645 | D:4      | Reached XP level 5. HP: 22/36 MP: 5/5
  2773 | D:4      | Reached skill level 6 in Fighting
  2773 | D:4      | Reached XP level 6. HP: 41/41 MP: 6/6
  2807 | D:4      | Reached skill level 5 in Armour
  3258 | D:4      | Found an opulent altar of Gozag.
  3281 | D:4      | Reached skill level 7 in Fighting
  3285 | D:4      | Reached XP level 7. HP: 36/48 MP: 7/7
  3570 | D:4      | Identified the +8 dagger "Reel" {vorpal, Str+7 Int-4}
  3771 | D:4      | Found an ancient bone altar of Kikubaaqudgha.
  3771 | D:4      | Found a glowing silver altar of Zin.
  3772 | D:4      | Found a blossoming altar of Fedhas.
  3916 | D:5      | Entered Level 5 of the Dungeon
  4128 | D:5      | Reached skill level 8 in Fighting
  4416 | D:5      | Found a runed translucent door.
  4417 | D:5      | Noticed Crazy Yiuf
  4424 | D:5      | Killed Crazy Yiuf
  4553 | D:5      | Found a bloodstained altar of Trog.
  4574 | D:5      | Noticed Eustachio
  4666 | D:5      | Killed Eustachio
  4667 | D:5      | Reached XP level 8. HP: 35/55 MP: 8/8
  4977 | D:5      | Reached skill level 9 in Fighting
  4980 | D:5      | Noticed Sigmund
  5019 | D:5      | Killed Sigmund
  5314 | D:5      | Noticed Pikel
  5315 | D:5      | Found a shimmering blue altar of Sif Muna.
  5349 | D:5      | Killed Pikel
  5350 | D:5      | Reached skill level 10 in Fighting
  5350 | D:5      | Reached XP level 9. HP: 30/63 MP: 9/9
  5658 | D:5      | Gained mutation: Your magical capacity is low. (-10% MP)
                  | [potion of mutation]
  5658 | D:5      | Gained mutation: Your flesh is heat resistant. (rF+)
                  | [potion of mutation]
  5658 | D:5      | Gained mutation: You are robust. (+10% HP) [potion of
                  | mutation]
  6188 | D:6      | Reached skill level 11 in Fighting
  6430 | D:6      | Found a glowing drain.
  7267 | D:7      | Noticed a cyclops
  7268 | D:7      | Found a large runed translucent door.
  7268 | D:7      | Noticed a cyclops
  7269 | D:7      | Found a large runed translucent door.
  7270 | D:7      | Found a large runed translucent door.
  7270 | D:7      | Found a large runed translucent door.
  7403 | D:7      | Noticed Prince Ribbit
  7424 | D:7      | Killed Prince Ribbit
  7425 | D:7      | Reached skill level 12 in Fighting
  7666 | D:7      | Noticed a boulder beetle
  7697 | D:7      | Demolished by a boulder beetle

Illustrated notes

Levels and vault maps discovered:
D:1:      ldierk_walled_garden, layout_loops_ring, serial_shops, shop
D:2:      layout_loops_ring
D:3:      layout_rooms, basic_ecumenical_altar, serial_shops, shop
D:4:      wander_river, layout_basic, minitemple, kennysheep_small_circle
D:5:      layout_layer_cave, mainiacjoe_overflow_small_starburst,
          trog_three_pillars_becter, uniq_eustachio, uniq_crazy_yiuf_cottage,
          uniq_pikel, uniq_sigmund
D:6:      layout_loops_ring, portal_sewer_entry_e
D:7:      layout_loops_ring, temple_statues, grunt_ministairs_13,
          minmay_hollow_rounded_squares, uniq_prince_ribbit1

Skill      XL: |  1  2  3  4  5  6  7  8  9 |
---------------+----------------------------+-----
Fighting       | 4 5 6 7 8 10 12 | 12.6
Armour         | 4 5 6 7 9 |  9.3
Maces & Flails | |  2.0
Shields        | |  3.3

Action                   |  1- 3 |  4- 6 |  7- 9 || total
-------------------------+-------+-------+-------++-------
Melee: Flail             |   122 |   155 |   223 ||   500
       Whip              |       |       |   276 ||   276
  Use: Scroll            |     7 |     3 |     8 ||    18
       Potion            |     1 |     1 |     4 ||     6
Armor: Scale mail        |    64 |       |       ||    64
       Ring mail         |     8 |   107 |   178 ||   293
       Plate armour      |       |       |    62 ||    62
Dodge: Dodged            |    68 |    98 |   181 ||   347
Block: Buckler           |    24 |    62 |   243 ||   329
       Reflection        |       |       |    11 ||    11

Table legend: (Time is in decaauts)
 A = Elapsed time spent in this place.
 B = Non-inter-level travel time spent in this place.
 C = Inter-level travel time spent in this place.
 D = Time resting spent in this place.
 E = Time spent auto-exploring this place.
 F = Levels seen in this place.
 G = Mean time per level.
                   A        B        C        D        E       F      G
               +--------+--------+--------+--------+--------+-----+--------+
         Total |   7886 |   7442 |    444 |    688 |   5137 |   7 | 1126.6 |
       Dungeon |   7886 |   7442 |    444 |    688 |   5137 |   7 | 1126.6 |
               +--------+--------+--------+--------+--------+-----+--------+

Top non-repeatable levels by time:
     D:5: 1862 daAuts
     D:4: 1454 daAuts
     D:6: 1299 daAuts
     D:1: 927 daAuts
     D:2: 907 daAuts
     D:3: 748 daAuts
     D:7: 686 daAuts
